[Event "Team 45 45 League T99"]
[Site "Internet Chess Club"]
[Date "2024.03.05"]
[Round "3"]
[White "burlap"]
[Black "herrahuu"]
[Result "0-1"]
[WhiteElo "1412"]
[BlackElo "1409"]
[Opening "Queen's pawn, Mason variation, Steinitz counter-gambit"]
[ECO "D00"]
[Time "09:00:16"]
[PlyCount "74"]
[TimeControl "2700+45"]

1. d4 d5 2. Bf4 c5 3. e3 Nc6 4. c3 Qb6 5. Qb3 Qxb3 6. axb3 Bf5 7. Nf3 e6 8. Ne5
Nf6 9. Nxc6 bxc6 10. Be2 Be7 11. O-O O-O 12. Nd2 cxd4 13. exd4 c5 14. dxc5 Bxc5
15. Nf3 Ne4 16. Bd3 Nxc3 17. Bxf5 Ne2+ 18. Kh1 Nxf4 19. Ra4 Ng6 20. Bxg6 hxg6
21. Ng5 Rfb8 22. b4 Rxb4 23. Rxb4 Bxb4 24. f4 Rc8 25. Nf3 Rc2 26. Rb1 a5 27. Ne1
Bxe1 28. Rxe1 Rxb2 29. h4 a4 30. Ra1 Rb4 31. g3 Kf8 32. Kg2 Ke7 33. Kf3 Kd6 34.
Ke3 Kc5 35. Kd3 Kb5 36. Kc3 Rb3+ 37. Kd4 Rxg3 {White resigns} 0-1

[Event "Team 45 45 League T99"]
[Site "Internet Chess Club"]
[Date "2024.03.02"]
[Round "3"]
[White "Electryon"]
[Black "kabindra"]
[Result "0-1"]
[WhiteElo "1539"]
[BlackElo "1707"]
[Opening "Queen's pawn game"]
[ECO "D02"]
[Time "16:00:25"]
[PlyCount "76"]
[TimeControl "2700+45"]

1. d4 d5 2. Nf3 Bf5 3. e3 Nf6 4. Bd3 Ne4 5. c4 e6 6. O-O c6 7. Ne1 Bd6 8. Nd2 h5
9. Nxe4 dxe4 10. Bc2 Qh4 11. g3 Qg5 12. f4 Qg6 13. Ng2 Be7 14. d5 h4 15. Qe1 h3
16. dxe6 fxe6 17. Rf2 hxg2 18. Rxg2 Bh3 19. Rd2 Nd7 20. b3 Bf6 21. Rb1 Bc3 22.
Ba3 Bxd2 23. Qxd2 O-O-O 24. Qa5 Kb8 25. Bd6+ Ka8 26. Rd1 Bg4 27. Rd2 e5 28. Bxe5
b6 29. Qc3 Nxe5 30. Rxd8+ Rxd8 31. Qxe5 Re8 32. Qd4 Qf6 33. Qxf6 gxf6 34. Kf2 f5
35. Ke1 Rd8 36. h4 c5 37. a3 a5 38. a4 Kb7 {White resigns} 0-1

[Event "Team 45 45 League T99"]
[Site "Internet Chess Club"]
[Date "2024.02.29"]
[Round "3"]
[White "mongmong"]
[Black "DaveTheRook"]
[Result "1/2-1/2"]
[WhiteElo "1495"]
[BlackElo "1505"]
[Opening "Queen's pawn: Yusupov-Rubinstein system"]
[ECO "A46"]
[Time "18:30:31"]
[PlyCount "144"]
[TimeControl "2700+45"]

1. d4 Nf6 2. Nf3 e6 3. e3 b6 4. Bd3 Be7 5. O-O Ba6 6. Bxa6 Nxa6 7. c3 O-O 8. Qd3
Qc8 9. e4 h6 10. Bf4 Qb7 11. e5 Nh7 12. Nbd2 d5 13. h3 c5 14. a3 c4 15. Qe3 g5
16. Bg3 Rfe8 17. Nh2 f5 18. exf6 Bxf6 19. Be5 Bxe5 20. Qxe5 Qg7 21. Rae1 Qxe5
22. Rxe5 Nc7 23. f4 Rf8 24. fxg5 Rxf1+ 25. Ndxf1 Nxg5 26. Ng3 Rf8 27. Ng4 Kh7
28. h4 Ne4 29. Nxe4 dxe4 30. Rxe4 h5 31. Ne5 Kg7 32. Nf3 Rf6 33. Ng5 Kg6 34. g3
Kh6 35. Kg2 Kg6 36. Nf3 Kh6 37. Ne5 Kg7 38. Nxc4 Kg6 39. Ne5+ Kg7 40. Rf4 Rxf4
41. gxf4 Nd5 42. Kf3 Ne7 43. Kg3 Nf5+ 44. Kh3 Ne3 45. Nc6 a6 46. Nb8 a5 47. b3
Kg6 48. Nd7 b5 49. Nc5 Kf5 50. a4 bxa4 51. bxa4 Nd5 52. c4 Nxf4+ 53. Kg3 Ne2+
54. Kf3 Nxd4+ 55. Ke3 Nc2+ 56. Kf3 e5 57. Nb7 Nd4+ 58. Ke3 Kg4 59. Nxa5 Kxh4 60.
c5 Kg3 61. Nc4 h4 62. Nd2 h3 63. a5 h2 64. Nf1+ Kg2 65. Nxh2 Kxh2 66. Ke4 Nb3
67. Kxe5 Nxa5 68. Kd5 Kg3 69. Kd6 Kf4 70. Kc7 Ke5 71. Kb6 Kd5 72. Kxa5 Kxc5
{Game drawn because neither player has mating material} 1/2-1/2

[Event "Team 45 45 League T99"]
[Site "Internet Chess Club"]
[Date "2024.02.28"]
[Round "3"]
[White "garytd"]
[Black "Toalla"]
[Result "1-0"]
[WhiteElo "1474"]
[BlackElo "1106"]
[Opening "Queen's pawn, Mason variation"]
[ECO "D00"]
[Time "18:03:54"]
[PlyCount "53"]
[TimeControl "2700+45"]

1. d4 d5 2. Bf4 e6 3. e3 Bd6 4. Bg3 Nf6 5. Nd2 Bd7 6. Bd3 Qe7 7. Ngf3 Na6 8. c3
c5 9. a3 cxd4 10. exd4 Rc8 11. Ne5 Bxe5 12. dxe5 Ng8 13. Nf3 b5 14. O-O h6 15.
Nd4 Qc5 16. Qg4 g5 17. h4 Ne7 18. hxg5 Nf5 19. Rac1 h5 20. Qf3 Nxd4 21. cxd4
Qxd4 22. Qf6 Rg8 23. Rxc8+ Bxc8 24. Bxb5+ Kf8 25. Rc1 Bb7 26. Bxa6 Bxa6 27. Rc7
{Black resigns} 1-0

[Event "Team 45 45 League T99"]
[Site "Internet Chess Club"]
[Date "2024.03.02"]
[Round "3"]
[White "fhunfi"]
[Black "VictorRed"]
[Result "1/2-1/2"]
[WhiteElo "1718"]
[BlackElo "1639"]
[Opening "Sicilian: Marshall variation"]
[ECO "B41"]
[Time "10:05:14"]
[PlyCount "93"]
[TimeControl "2700+45"]

1. e4 c5 2. Nf3 e6 3. d4 d5 4. exd5 exd5 5. Bb5+ Bd7 6. Bxd7+ Qxd7 7. O-O cxd4
8. Re1+ Be7 9. Nxd4 Nc6 10. Bg5 O-O-O 11. Bxe7 Ngxe7 12. Nc3 Kb8 13. Nce2 g5 14.
c3 f5 15. Nc1 Nxd4 16. Qxd4 Nc6 17. Qa4 d4 18. cxd4 Qxd4 19. Qxd4 Nxd4 20. Rb1
Nc2 21. Rf1 Rd5 22. Ne2 Rhd8 23. Nc3 Rd2 24. Rfd1 Nb4 25. a3 Rxd1+ 26. Rxd1
Rxd1+ 27. Nxd1 Nd3 28. Kf1 Kc7 29. Ke2 Nf4+ 30. Kf3 Nd5 31. Ne3 g4+ 32. Ke2 Ne7
33. Kd3 Kd6 34. Nc2 b5 35. Nd4 a6 36. f4 gxf3 37. Nxf3 Kd5 38. g3 Ng6 39. b3 h5
40. Ke3 Kd6 41. Kd4 f4 42. Nd2 fxg3 43. hxg3 h4 44. gxh4 Nxh4 45. Ne4+ Kc6 46.
b4 Nf5+ 47. Kc3 {Game drawn by mutual agreement} 1/2-1/2

[Event "Team 45 45 League T99"]
[Site "Internet Chess Club"]
[Date "2024.03.03"]
[Round "3"]
[White "vollmerj"]
[Black "evan7284"]
[Result "0-1"]
[WhiteElo "1536"]
[BlackElo "1602"]
[Opening "Réti: King's Indian attack (Barcza system)"]
[ECO "A07"]
[Time "14:30:27"]
[PlyCount "121"]
[TimeControl "2700+45"]

1. Nf3 d5 2. g3 Bg4 3. Bg2 e6 4. O-O Nf6 5. c4 c6 6. Qb3 Qb6 7. Qxb6 axb6 8.
cxd5 exd5 9. d3 Nbd7 10. Nc3 b5 11. e4 b4 12. Nd1 dxe4 13. dxe4 Be6 14. Nd4 Rxa2
15. Rxa2 Bxa2 16. b3 c5 17. Nb5 Bxb3 18. Bf4 Be7 19. Ne3 O-O 20. e5 Nh5 21. Rb1
Nxf4 22. gxf4 Ba4 23. Nd5 Bxb5 24. Nxe7+ Kh8 25. Bxb7 Rb8 26. Be4 g6 27. Nc6
Bxc6 28. Bxc6 Nf8 29. Bd5 Ne6 30. Bxe6 fxe6 31. Kf1 c4 32. Ke2 Kg7 33. Ke3 c3
34. Kd3 Kh6 35. Kc2 Kh5 36. Rg1 b3+ 37. Kxc3 b2 38. Kc2 b1=Q+ 39. Rxb1 Rxb1 40.
Kxb1 Kg4 41. Kc2 Kxf4 42. Kd2 Kxe5 43. Ke3 g5 44. Kf3 h5 45. h3 Kd4 46. Kg3 e5
47. h4 g4 48. f3 gxf3 49. Kxf3 Kd3 50. Kf2 e4 51. Ke1 Ke3 52. Kf1 Kd2 53. Kf2
e3+ 54. Kg3 e2 55. Kf4 e1=Q 56. Kg5 Qe5+ 57. Kg6 Ke3 58. Kh6 Kf4 59. Kg6 Kg4 60.
Kh7 Kxh4 61. Kg6 {White resigns} 0-1

[Event "Team 45 45 League T99"]
[Site "Internet Chess Club"]
[Date "2024.03.03"]
[Round "3"]
[White "BrerRabbit"]
[Black "fireball"]
[Result "1/2-1/2"]
[WhiteElo "1273"]
[BlackElo "1499"]
[Opening "Queen's pawn game"]
[ECO "E06"]
[Time "15:00:44"]
[PlyCount "69"]
[TimeControl "2700+45"]

1. d4 Nf6 2. Nf3 e6 3. g3 d5 4. Bg2 Be7 5. O-O O-O 6. c4 c6 7. Qc2 dxc4 8. Qxc4
b5 9. Qc2 Nd5 10. a3 h6 11. e4 Nc7 12. b4 f5 13. Rd1 fxe4 14. Ne5 Bd7 15. Bxe4
Be8 16. Nxc6 Nxc6 17. Bxc6 Rb8 18. Bf4 Bd6 19. Bxd6 Qxd6 20. Bxe8 Rfxe8 21. Qe4
Rbd8 22. Nc3 a6 23. Rac1 Qb6 24. Qe5 Nd5 25. Nxd5 Rxd5 26. Qc7 Qxc7 27. Rxc7
Red8 28. Rc6 R8d6 29. Rc3 e5 30. Re1 exd4 31. Rd3 Kf7 32. Kg2 g5 33. Re4 Kf6 34.
g4 Kg6 35. h3 {Game drawn by mutual agreement} 1/2-1/2

[Event "Team 45 45 League T99"]
[Site "Internet Chess Club"]
[Date "2024.03.02"]
[Round "3"]
[White "seattleblues"]
[Black "Fulmar"]
[Result "0-1"]
[WhiteElo "1347"]
[BlackElo "1356"]
[Opening "Queen's pawn game"]
[ECO "D02"]
[Time "21:01:06"]
[PlyCount "60"]
[TimeControl "2700+45"]

1. d4 d5 2. Nf3 e6 3. c4 a6 4. Nc3 dxc4 5. e4 b5 6. a4 c6 7. axb5 Bb4 8. bxc6
Bxc3+ 9. bxc3 Nxc6 10. Bxc4 Nge7 11. O-O Qb6 12. d5 Nb8 13. Be3 Qb2 14. d6 Nec6
15. Qa4 Qxc3 16. Bd4 Qb4 17. Qa2 Nxd4 18. Nxd4 Qxd6 19. Rfd1 Qe5 20. Nb5 O-O 21.
f3 Qc5+ 22. Nd4 Nc6 23. Rac1 Qa7 24. Qf2 Nxd4 25. Rxd4 Bb7 26. Rcd1 h6 27. Kh1
Rac8 28. Qa2 Qc5 29. Bxa6 Qxd4 30. Bd3 Qxd3 {White resigns} 0-1

[Event "Team 45 45 League T99"]
[Site "Internet Chess Club"]
[Date "2024.03.04"]
[Round "3"]
[White "Fischeresque930"]
[Black "DimEyeChessGuy"]
[Result "1/2-1/2"]
[WhiteElo "2063"]
[BlackElo "1670"]
[Opening "Queen's pawn: London system"]
[ECO "A45"]
[Time "12:00:22"]
[PlyCount "126"]
[TimeControl "2700+45"]

1. d4 Nf6 2. Bf4 e6 3. e3 d5 4. Nf3 Bd6 5. Nbd2 O-O 6. Bd3 c5 7. c3 Bxf4 8. exf4
b6 9. Qe2 Qd6 10. g3 a5 11. a4 Ba6 12. Bxa6 Nxa6 13. O-O Qc6 14. Ne5 Qc7 15. Qd3
c4 16. Qc2 Rac8 17. f5 Nd7 18. Rfe1 Nxe5 19. Rxe5 Nc5 20. Re3 Nd3 21. fxe6 fxe6
22. f3 Rf6 23. b3 Rcf8 24. bxc4 dxc4 25. Rf1 Rg6 26. Nxc4 Qxc4 27. Rxd3 h5 28.
Kg2 h4 29. Re1 hxg3 30. hxg3 Qc7 31. Re5 Rf5 32. Rde3 Rgg5 33. Qe4 Rxe5 34. dxe5
Rf5 35. g4 Rf8 36. Rd3 Rd8 37. Rxd8+ Qxd8 38. Qd4 Qc7 39. Kf2 Kf7 40. f4 Qc6 41.
f5 Ke8 42. fxe6 Qxe6 43. Ke3 Qh6+ 44. Kd3 Qe6 45. Qe4 Qd7+ 46. Kc2 Qe6 47. Kb2
g5 48. Qd4 Ke7 49. c4 Qc6 50. Qd5 Qxa4 51. Qd6+ Kf7 52. e6+ Kf6 53. Qd8+ Kxe6
54. Qxb6+ Ke5 55. Qc5+ Kf4 56. Qf5+ Kg3 57. Qb5 Qd1 58. Qxg5 Qd4+ 59. Kb3 a4+
60. Kb4 a3 61. Kxa3 Qxc4 62. Qf5 Qxg4 63. Qxg4+ Kxg4 {Game drawn because neither
player has mating material} 1/2-1/2

[Event "Team 45 45 League T99"]
[Site "Internet Chess Club"]
[Date "2024.03.01"]
[Round "3"]
[White "elmaestro"]
[Black "trombone"]
[Result "0-1"]
[WhiteElo "1657"]
[BlackElo "1830"]
[Opening "English opening"]
[ECO "A13"]
[Time "23:29:49"]
[PlyCount "86"]
[TimeControl "2700+45"]

1. c4 e6 2. g3 d5 3. Bg2 c5 4. Nf3 Nc6 5. cxd5 exd5 6. O-O Nf6 7. d4 Be7 8. dxc5
Bxc5 9. Nc3 O-O 10. Bg5 d4 11. Bxf6 Qxf6 12. Ne4 Qe7 13. Nxc5 Qxc5 14. Rc1 Qb6
15. b3 Bf5 16. Nh4 Be6 17. Bxc6 bxc6 18. Qc2 Rac8 19. Nf5 Rc7 20. Qc5 Bxf5 21.
Qxf5 Rd8 22. Rc5 Qa6 23. Qe5 Rcd7 24. Ra5 Qb6 25. Rd1 Rc8 26. Rc5 Rcd8 27. Rdc1
Rd6 28. Qe4 Re6 29. Qc2 Qa6 30. Rc4 Rde8 31. Rxd4 Rxe2 32. Rd2 Re1+ 33. Rxe1
Rxe1+ 34. Kg2 Qf1+ 35. Kf3 Qh1+ 36. Kf4 Re8 37. h4 h6 38. Qd3 Re6 39. Qd8+ Kh7
40. Qd3+ g6 41. Re2 Rf6+ 42. Ke5 Rf5+ 43. Kd6 Rd5+ {White resigns} 0-1

[Event "Team 45 45 League T99"]
[Site "Internet Chess Club"]
[Date "2024.02.29"]
[Round "3"]
[White "Signofthetimes"]
[Black "defythemachine"]
[Result "0-1"]
[WhiteElo "1518"]
[BlackElo "1442"]
[Opening "Owen defense"]
[ECO "B00"]
[Time "20:00:10"]
[PlyCount "62"]
[TimeControl "2700+45"]

1. e4 b6 2. Nf3 Bb7 3. Nc3 e6 4. Bc4 c5 5. d4 Qc7 6. d5 a6 7. dxe6 dxe6 8. a4
Nc6 9. O-O Bd6 10. Bg5 Nge7 11. Qe2 h6 12. Bxe7 Bxe7 13. e5 g5 14. h3 h5 15.
Rfe1 g4 16. hxg4 hxg4 17. Nh2 f5 18. f4 Nd4 19. Qf2 O-O-O 20. Ne2 Nxc2 21. Bxe6+
Kb8 22. Nf1 Nxe1 23. Rxe1 Qc6 24. Bxf5 Qh6 25. Nfg3 Rd2 26. Kf1 Rxb2 27. Be4 c4
28. Qd4 Bc5 29. Qxb2 Bxe4 30. Nc3 Bd3+ 31. Nce2 Qh1+ {White resigns} 0-1

[Event "Team 45 45 League T99"]
[Site "Internet Chess Club"]
[Date "2024.03.02"]
[Round "3"]
[White "burlap"]
[Black "stantheman59"]
[Result "0-1"]
[WhiteElo "1430"]
[BlackElo "1172"]
[Opening "Queen's pawn, Mason variation"]
[ECO "D00"]
[Time "09:00:34"]
[PlyCount "94"]
[TimeControl "2700+45"]

1. d4 d5 2. Bf4 Nf6 3. e3 e6 4. Nd2 Bd6 5. Bxd6 Qxd6 6. Ngf3 c6 7. Bd3 O-O 8.
O-O Nbd7 9. Re1 Re8 10. e4 dxe4 11. Nxe4 Nxe4 12. Bxe4 Nf6 13. c3 Bd7 14. Qc2
Nxe4 15. Qxe4 f5 16. Qe5 Qe7 17. Re2 b6 18. Rae1 g6 19. Kf1 a5 20. Nd2 b5 21.
Nb3 a4 22. Nc5 Bc8 23. Nxe6 Bxe6 24. Qxe6+ Qxe6 25. Rxe6 Rxe6 26. Rxe6 Rc8 27.
Re7 h5 28. Re6 Kf7 29. d5 cxd5 30. Rd6 Rc5 31. b3 axb3 32. axb3 Rxc3 33. Rxd5 b4
34. Rd7+ Kf6 35. Rd1 Rxb3 36. Ke1 Rb2 37. Rd2 Rb1+ 38. Rd1 Rb2 39. Rc1 b3 40.
Kd1 Rxf2 41. Rb1 b2 42. Ke1 Rxg2 43. Kf1 Rxh2 44. Kg1 Rc2 45. Kf1 h4 46. Kg1
Rc1+ 47. Rxc1 bxc1=Q+ {White resigns} 0-1

[Event "Team 45 45 League T99"]
[Site "Internet Chess Club"]
[Date "2024.03.03"]
[Round "3"]
[White "Packerfan"]
[Black "Goli"]
[Result "1/2-1/2"]
[WhiteElo "1700"]
[BlackElo "1803"]
[Opening "English opening"]
[ECO "E68"]
[Time "15:00:38"]
[PlyCount "54"]
[TimeControl "2700+45"]

1. c4 Nf6 2. Nc3 d6 3. g3 g6 4. Bg2 c6 5. d4 Bg7 6. Nf3 O-O 7. e4 Nbd7 8. O-O e5
9. b3 Re8 10. Re1 a5 11. Bb2 exd4 12. Nxd4 Nc5 13. Qd2 Ng4 14. f4 Qb6 15. Rad1
f5 16. h3 fxe4 17. Nxe4 Nxe4 18. Rxe4 Rxe4 19. Bxe4 Nf6 20. Bg2 Bf5 21. Kh2 Be4
22. Ne6 Bh8 23. Bxf6 Bxf6 24. Bxe4 Re8 25. Qxd6 Qe3 26. Qd7 Qe2+ 27. Bg2 Rxe6
{Game drawn by mutual agreement} 1/2-1/2

[Event "Team 45 45 League T99"]
[Site "Internet Chess Club"]
[Date "2024.03.03"]
[Round "3"]
[White "fhunfi"]
[Black "Salvatore"]
[Result "1-0"]
[WhiteElo "1727"]
[BlackElo "1544"]
[Opening "Sicilian defense"]
[ECO "B20"]
[Time "18:02:05"]
[PlyCount "93"]
[TimeControl "2700+45"]

1. e4 c5 2. Be2 Nc6 3. f4 g6 4. Nf3 Bg7 5. O-O d5 6. d3 e5 7. c3 Nge7 8. fxe5
Nxe5 9. Nxe5 Bxe5 10. Nd2 O-O 11. Nf3 Bg7 12. Qe1 f5 13. e5 Nc6 14. Bd1 f4 15.
Ba4 Bf5 16. Bxc6 Bxd3 17. Ba4 Bxf1 18. Kxf1 a6 19. Bb3 c4 20. Bc2 Qe7 21. e6
Rad8 22. Nd4 Bxd4 23. cxd4 Rd6 24. Qf2 Rxe6 25. Bd2 g5 26. Re1 Re8 27. Bf5 Rxe1+
28. Bxe1 Qf7 29. Bc2 b5 30. Bb4 Qh5 31. h3 Qf7 32. Bd6 Re3 33. Be5 b4 34. Bd1
Qf5 35. Bc2 Qf7 36. Bd1 a5 37. h4 h6 38. h5 b3 39. axb3 cxb3 40. Qd2 Qa7 41. Bf3
Qa6+ 42. Kf2 Qa8 43. Qc1 a4 44. Qc7 Rxf3+ 45. gxf3 Qf8 46. Qc6 a3 47. Qg6+
{Black resigns} 1-0

[Event "Team 45 45 League T99"]
[Site "Internet Chess Club"]
[Date "2024.03.03"]
[Round "3"]
[White "justice02"]
[Black "WillC"]
[Result "0-1"]
[WhiteElo "1578"]
[BlackElo "1568"]
[Opening "Scandinavian: Marshall variation"]
[ECO "B01"]
[Time "14:00:26"]
[PlyCount "74"]
[TimeControl "2700+45"]

1. e4 d5 2. exd5 Nf6 3. d4 Nxd5 4. c3 Bf5 5. Nf3 e6 6. Bd3 Bg4 7. O-O Bd6 8.
Nbd2 O-O 9. Re1 Nd7 10. Qc2 N7f6 11. h3 Bh5 12. Ng5 h6 13. Nge4 Be7 14. g4 Bg6
15. Nxf6+ Bxf6 16. Bxg6 fxg6 17. Qxg6 Nf4 18. Qe4 Nxh3+ 19. Kf1 Nxf2 20. Qxe6+
Kh8 21. Nf3 Nd3 22. Bd2 Nxe1 23. Bxe1 Bxd4 24. cxd4 Rxf3+ 25. Kg2 Qf8 26. Bg3
Re8 27. Qxe8 Qxe8 28. Kxf3 Qc6+ 29. Ke3 Qe6+ 30. Kd3 c6 31. Re1 Qxg4 32. Re8+
Kh7 33. Re3 Qf5+ 34. Kc3 Qa5+ 35. Kd3 Qxa2 36. Re7 Qb3+ 37. Ke2 Qxg3 {White
resigns} 0-1

[Event "Team 45 45 League T99"]
[Site "Internet Chess Club"]
[Date "2024.03.03"]
[Round "3"]
[White "ChessMaine"]
[Black "cayo89"]
[Result "1/2-1/2"]
[WhiteElo "1475"]
[BlackElo "1506"]
[Opening "Modern defense"]
[ECO "A40"]
[Time "07:16:48"]
[PlyCount "46"]
[TimeControl "2700+45"]

1. d4 g6 2. Nf3 Bg7 3. e4 e6 4. e5 Ne7 5. Bg5 b6 6. Be2 Bb7 7. O-O a6 8. Nbd2 d5
9. exd6 cxd6 10. Nc4 d5 11. Bxe7 Qxe7 12. Nxb6 Ra7 13. Na4 Nd7 14. Rc1 Bc6 15.
c4 O-O 16. cxd5 Bxd5 17. Nc5 a5 18. b3 Rc8 19. Nxd7 Rxc1 20. Qxc1 Qxd7 21. Qd2
Bxf3 22. Bxf3 Qxd4 23. Qxd4 Bxd4 {Game drawn by mutual agreement} 1/2-1/2

[Event "Team 45 45 League T99"]
[Site "Internet Chess Club"]
[Date "2024.03.03"]
[Round "3"]
[White "clarinetref"]
[Black "kabindra"]
[Result "0-1"]
[WhiteElo "1505"]
[BlackElo "1715"]
[Opening "Center game: Berger variation"]
[ECO "C22"]
[Time "10:05:28"]
[PlyCount "78"]
[TimeControl "2700+45"]

1. e4 e5 2. d4 exd4 3. Qxd4 Nc6 4. Qe3 Nf6 5. Nc3 Bb4 6. Bd2 O-O 7. O-O-O d6 8.
h3 Be6 9. Kb1 Bc5 10. Qg3 Nh5 11. Qf3 Nf6 12. Be3 Ne5 13. Qe2 Bc4 14. Qd2 Bb4
15. f4 Nxe4 16. Qd4 Nxc3+ 17. bxc3 c5 18. Qxd6 Bxf1 19. Qxd8 Raxd8 20. Rxf1 Nc4
21. cxb4 Nxe3 22. Rc1 Nxg2 23. Rh2 Nxf4 24. Rf2 Ne6 25. c3 Rd6 26. Rf5 Rb6 27.
a3 a5 28. Ka2 axb4 29. cxb4 cxb4 30. Rb1 Ra8 31. Rf3 Nd4 32. Rd3 b3+ 33. Kb2 Ne6
34. Nf3 Nc5 35. Re3 Na4+ 36. Kc1 Rc8+ 37. Kd1 Nc3+ 38. Rxc3 Rxc3 39. Ne5 Rxh3
{White resigns} 0-1

[Event "Team 45 45 League T99"]
[Site "Internet Chess Club"]
[Date "2024.03.01"]
[Round "3"]
[White "olivermx"]
[Black "herrahuu"]
[Result "0-1"]
[WhiteElo "1430"]
[BlackElo "1391"]
[Opening "Queen's pawn"]
[ECO "A40"]
[Time "10:19:33"]
[PlyCount "86"]
[TimeControl "2700+45"]

1. d4 c6 2. Nf3 d5 3. Bf4 Nf6 4. e3 Bg4 5. Nbd2 e6 6. Be2 Be7 7. h3 Bh5 8. Rc1
O-O 9. g4 Bg6 10. Bg3 Nbd7 11. Ne5 c5 12. c3 cxd4 13. cxd4 Nxe5 14. Bxe5 a6 15.
Bg3 b5 16. f4 Ne4 17. Bh2 Bh4+ 18. Kf1 Nf2 19. Qb3 Nxh1 20. Kg2 Nf2 21. Nf3 Ne4
22. g5 Bf2 23. Bd3 Bxe3 24. Rc2 Rc8 25. Re2 Bc1 26. Qd1 Qd6 27. f5 Bf4 28. fxg6
hxg6 29. Bxe4 dxe4 30. Rxe4 Bxh2 31. Nxh2 Qd5 32. Qg4 Rc2+ 33. Kg3 Rxb2 34. Nf3
Qxa2 35. Qh4 Rg2+ 36. Kf4 b4 37. Ne5 Qd2+ 38. Re3 Qxd4+ 39. Re4 Rf2+ 40. Kg3 Qb2
41. Ng4 Rg2+ 42. Kf4 a5 43. Kf3 Rc8 {White resigns} 0-1

[Event "Team 45 45 League T99"]
[Site "Internet Chess Club"]
[Date "2024.03.03"]
[Round "3"]
[White "oldbookseller"]
[Black "thundercat1"]
[Result "0-1"]
[WhiteElo "917"]
[BlackElo "1012"]
[Opening "Modern defense"]
[ECO "A40"]
[Time "08:35:24"]
[PlyCount "38"]
[TimeControl "2700+45"]

1. d4 g6 2. Nf3 Bg7 3. e3 e6 4. Bd3 Ne7 5. b3 d5 6. Bb2 a6 7. O-O b5 8. Ng5 Nf5
9. Nd2 Qxg5 10. g3 Nh4 11. f4 Qh5 12. g4 Qh6 13. g5 Qh5 14. Qe1 e5 15. Qf2 Qg4+
16. Kh1 Qh3 17. fxe5 Bg4 18. Qxf7+ Kd8 19. Ba3 Qg2# {White checkmated} 0-1

[Event "Team 45 45 League T99"]
[Site "Internet Chess Club"]
[Date "2024.03.01"]
[Round "3"]
[White "burlap"]
[Black "BlueStorm"]
[Result "1-0"]
[WhiteElo "1457"]
[BlackElo "1610"]
[Opening "Réti opening"]
[ECO "A05"]
[Time "09:00:19"]
[PlyCount "123"]
[TimeControl "2700+45"]

1. Nf3 Nf6 2. g3 d5 3. Bg2 g6 4. O-O Bg7 5. d4 O-O 6. Nc3 c6 7. e3 Nbd7 8. Re1
Re8 9. e4 dxe4 10. Nxe4 Nxe4 11. Rxe4 Nf6 12. Re1 Bf5 13. c3 Rc8 14. Qb3 Qb6 15.
Ne5 Qxb3 16. axb3 a6 17. Bd2 Nd7 18. Nxd7 Bxd7 19. b4 Be6 20. Bf4 Bd5 21. Bxd5
cxd5 22. Ra5 e6 23. b5 axb5 24. Rxb5 Re7 25. Rxd5 Ra8 26. Rb5 f6 27. Rb3 e5 28.
dxe5 fxe5 29. Ra3 Rxa3 30. bxa3 Kf7 31. Be3 Rc7 32. Rb1 Ke6 33. a4 Kd7 34. c4
Kc8 35. c5 Bf8 36. Rb5 Rc6 37. Ra5 Kb8 38. Kf1 Ra6 39. Rxa6 bxa6 40. Ke2 Kc7 41.
Kd3 Kc6 42. Ke4 Bxc5 43. Bxc5 Kxc5 44. Kxe5 Kb4 45. f4 Kxa4 46. g4 Kb3 47. f5
gxf5 48. gxf5 a5 49. f6 a4 50. f7 a3 51. f8=Q a2 52. Qf1 Kb2 53. Qb5+ Ka3 54.
Qa5+ Kb2 55. Qxa2+ Kxa2 56. Kf6 Kb3 57. h4 Kc4 58. Kg7 Kd5 59. Kxh7 Ke6 60. Kg6
Ke7 61. Kg7 Ke6 62. h5 {Black resigns} 1-0

[Event "Team 45 45 League T99"]
[Site "Internet Chess Club"]
[Date "2024.03.04"]
[Round "3"]
[White "CMAlge"]
[Black "ChessG2011"]
[Result "1-0"]
[WhiteElo "1455"]
[BlackElo "1343"]
[Opening "Queen's pawn game"]
[ECO "D00"]
[Time "19:00:27"]
[PlyCount "73"]
[TimeControl "2700+45"]

1. d4 Nf6 2. Nc3 d5 3. Bf4 g6 4. e3 Bg7 5. h4 O-O 6. h5 Nc6 7. Nb5 Ne8 8. hxg6
fxg6 9. Bd3 a6 10. Nc3 Nf6 11. Qd2 Nb4 12. Be2 Bf5 13. O-O-O Bxc2 14. Rf1 a5 15.
a3 Ne4 16. Nxe4 Bxe4 17. f3 Bf5 18. g4 Bd7 19. axb4 axb4 20. Qxb4 Rf6 21. Qxb7
Ra1+ 22. Kd2 Raa6 23. Qxd5+ e6 24. Qc5 Rc6 25. Qg5 Qb8 26. Ke1 Qxb2 27. Qh4 Rc2
28. Kf2 Bb5 29. Re1 Rf8 30. Qxh7+ Kf7 31. Be5 Rg8 32. Rh6 Bxe2 33. Nxe2 Qb8 34.
Qxg6+ Kf8 35. Bxg7+ Ke7 36. Qxe6+ Kd8 37. Bf6# {Black checkmated} 1-0

[Event "Team 45 45 League T99"]
[Site "Internet Chess Club"]
[Date "2024.02.29"]
[Round "3"]
[White "smsxman"]
[Black "Fulmar"]
[Result "0-1"]
[WhiteElo "1444"]
[BlackElo "1339"]
[Opening "French defense"]
[ECO "C00"]
[Time "19:00:32"]
[PlyCount "60"]
[TimeControl "2700+45"]

1. e4 e6 2. Nc3 d5 3. exd5 exd5 4. d4 c6 5. Nf3 Bd6 6. Be2 Nf6 7. O-O O-O 8. Bg5
Nbd7 9. Re1 Qc7 10. h3 h6 11. Be3 Nb6 12. b3 Bf5 13. Bd3 Bxd3 14. Qxd3 Nbd7 15.
Rac1 Bb4 16. Bd2 Bxc3 17. Bxc3 Ne4 18. Bb2 Rfe8 19. c4 Qd6 20. cxd5 Qxd5 21. Rc2
Re6 22. Rce2 Rae8 23. Qc2 Nf8 24. Ne5 Nf6 25. Nc4 Nh5 26. Ne3 Qg5 27. Bc1 Nf4
28. Qf5 Qxf5 29. Nxf5 Rxe2 30. Rxe2 Nxe2+ {White resigns} 0-1

[Event "Team 45 45 League T99"]
[Site "Internet Chess Club"]
[Date "2024.03.02"]
[Round "3"]
[White "Reykjaviking"]
[Black "Tjet"]
[Result "1/2-1/2"]
[WhiteElo "1227"]
[BlackElo "1281"]
[Opening "Queen's Pawn"]
[ECO "A41"]
[Time "18:00:55"]
[PlyCount "114"]
[TimeControl "2700+45"]

1. d4 d6 2. Bf4 Nf6 3. Nc3 g6 4. e4 Nbd7 5. Be2 Bg7 6. Qd2 O-O 7. g4 e5 8. dxe5
Nxe5 9. g5 Nfd7 10. O-O-O a6 11. h4 b5 12. Rh3 Bb7 13. Nf3 Nxf3 14. Bxf3 Ne5 15.
Nd5 Bxd5 16. exd5 Nxf3 17. Rxf3 Qd7 18. Re3 Rfe8 19. Rde1 Rxe3 20. Rxe3 a5 21.
Bg3 Kf8 22. f4 a4 23. a3 Re8 24. Rxe8+ Qxe8 25. Qe1 Qd7 26. Qe2 Qe8 27. Qxe8+
Kxe8 28. Kd2 Kd7 29. Kd3 Bxb2 30. c4 bxc4+ 31. Kxc4 Bxa3 32. Kb5 Bc1 33. Kxa4 c5
34. dxc6+ Kxc6 35. Kb3 Be3 36. Kc4 d5+ 37. Kd3 Bg1 38. Ke2 d4 39. Kd3 Kd5 40.
Be1 Be3 41. Bg3 Ke6 42. Ke4 f5+ 43. gxf6 Kxf6 44. Bh2 h5 45. Bg3 Bg1 46. Be1 Ke6
47. Bg3 Be3 48. Be1 Bg1 49. Bg3 Kd7 50. Ke5 Ke7 51. f5 gxf5 52. Kxf5 Be3 53. Kg6
d3 54. Be1 d2 55. Bxd2 Bxd2 56. Kxh5 Kf7 57. Kg4 Kg6 {Game drawn by mutual
agreement} 1/2-1/2

[Event "Team 45 45 League T99"]
[Site "Internet Chess Club"]
[Date "2024.03.03"]
[Round "3"]
[White "chesskix"]
[Black "Manch"]
[Result "1-0"]
[WhiteElo "1399"]
[BlackElo "1355"]
[Opening "English: Bremen system, Keres variation"]
[ECO "A23"]
[Time "17:00:29"]
[PlyCount "87"]
[TimeControl "2700+45"]

1. c4 e5 2. Nc3 Nf6 3. g3 c6 4. Bg2 Bc5 5. e4 d6 6. d3 h6 7. Nge2 O-O 8. O-O Be6
9. h3 Qd7 10. Kh2 a6 11. a4 Qe8 12. f4 Nbd7 13. f5 b5 14. fxe6 fxe6 15. axb5
axb5 16. Rxa8 Qxa8 17. cxb5 cxb5 18. Nxb5 d5 19. exd5 exd5 20. Nbc3 Nb6 21. d4
exd4 22. Nxd4 Bxd4 23. Qxd4 Qd8 24. Be3 Nc4 25. Nxd5 Nxe3 26. Nxf6+ gxf6 27.
Qxe3 Kg7 28. Qc3 Qd6 29. Qc2 Qe5 30. Rd1 Rf7 31. h4 Rc7 32. Qd2 Re7 33. b4 Kh7
34. Qd3+ f5 35. b5 h5 36. b6 Rg7 37. b7 Rf7 38. Qd8 f4 39. b8=Q fxg3+ 40. Kg1
Qe3+ 41. Kh1 Re7 42. Qg8+ Kh6 43. Qbf8+ Rg7 44. Qfxg7# {Black checkmated} 1-0